[Event "*** Titled Tuesday Blitz"]
[Site "Chess.com"]
[Date "2020.05.12"]
[Round "7"]
[White "walkingcreep"]
[Black "Sergey85Rodchenkov"]
[Result "1-0"]
[WhiteElo "2669"]
[BlackElo "2507"]
[TimeControl "180+1"]
[EndTime "11:18:21 PDT"]
[Termination "walkingcreep won by resignation"]

1. d4 d5 2. c4 dxc4 3. Nf3 Nf6 4. e3 e6 5. Bxc4 c5 6. O-O a6 7. Qe2 b5 8. Bb3 Bb7 9. Nc3 Nbd7 10. Rd1 cxd4 11.
exd4 Nb6 12. Bg5 b4 13. Na4 Be7 14. Bxf6 Bxf6 15. Nxb6 Qxb6 16. d5 O-O 17. dxe6 fxe6 18. Rd3 Kh8 19. Rad1 a5 20. Rd6 Qc5 21. Rxe6 Bxf3 22.
gxf3 Rad8 23. Rxd8 Qg5+ 24. Kh1 Bxd8 25. Re8 Qf6 26. Bc2 g6 27. Qe4 Bc7 28. Rxf8+ Qxf8 29. Qd4+ Qg7 30. Qc5 Qf7 31. Kg2 Kg7 32. Bb3 Qf4 33.
Qe7+ Kh6 34. Bd5 Qxh2+ 35. Kf1 Qe5 36. Qf8+ Kg5 37. Kg2 Qxd5 38. Qe7+ Kf5 39. Qxc7 h5 40. a3 bxa3 41. bxa3 Qe5 42. Qc8+ Kg5 43. Qd8+ Kh6 44.
Qf8+ Kg5 45. Qd8+ Kf5 46. Qf8+ Qf6 47. Qc5+ Qe5 48. Qf8+ Ke6 49. Qe8+ Kf5 50. Qf7+ Kg5 51. Qf8 h4 52. Qd8+ Kh5 53. Qg8 Kg5 54. Qd8+ Kh5 55.
Qf8 Kg5 56. Qg8 Kh5 57. Qh7+ Kg5 58. Kh3 Qf5+ 59. Kg2 Qe5 60. Qf7 Kh5 61. Kh3 Qf5+ 62. Qxf5+ gxf5 63. f4 a4 64. f3 Kg6 65. Kxh4 Kh6 66. Kg3 Kh5 67. Kf2 Kh4 68. Kg2 Kh5 69. Kg3 Kg6 70. Kf2 Kh5 71. Ke3 Kh4 72. Kd4 Kg3 73. Ke5 Kxf3 74. Kxf5 Ke3 75. Ke5 Kd3 76. f5 Kc3 77. f6 Kb3 78. f7 Kxa3 79. f8=Q+ Kb2 80.
Qb4+ Ka2 81. Qxa4+ 1-0

[Event "*** Titled Tuesday Blitz"]
[Site "Chess.com"]
[Date "2020.05.12"]
[Round "7"]
[White "mikolka1985"]
[Black "Orest_Vovk"]
[Result "1-0"]
[WhiteElo "2631"]
[BlackElo "2444"]
[TimeControl "180+1"]
[EndTime "11:18:25 PDT"]
[Termination "mikolka1985 won on time"]

1. d4 Nc6 2. Nf3 e6 3. c4 Bb4+ 4. Nc3 Nf6 5. Qc2 d6 6. Bd2 Qe7 7. a3 Bxc3 8. Bxc3 a5 9. e3 a4 10. Be2 e5 11. dxe5 dxe5 12. O-O O-O 13. h3 e4 14. Nd2 Bf5 15. Rfd1 Ne5 16. Nf1 Nd3 17.
Ng3 Bg6 18. Bxf6 Qxf6 19. Nxe4 Bxe4 20. Bxd3 Bxd3 21. Rxd3 Ra6 22. Rad1 Qg6 23. R3d2 Qxc2 24. Rxc2 Rc6 25. Rd5 b6 26. Kf1 Re8 27. Ke2 g6 28. Kd3 h5 29. Kc3 Ra8 30. Rcd2 Kg7 31. Kb4 Re8 32.
Kb5 Ree6 33. R2d4 Rf6 34. f3 Rce6 35. Rd7 Rxe3 36. Rd2 c6+ 37. Kxb6 Rb3+ 38. Ka5 c5 39. Kxa4 Rfb6 40. Ra7 Rxb2 41. Rxb2 Rxb2 42. h4 Rxg2 43. Kb5 Rh2 44. a4 Rxh4 45. a5 Rf4 46. a6 Rxf3 47.
Rd7 Ra3 48. a7 h4 49. Kb6 h3 50. Rd3 h2 51. Rxa3 h1=Q 52. a8=Q Qb1+ 53. Ka7 Qb4 54. Ra6 Qxc4 55. Qc6 Qd4 56. Ra5 c4+ 57. Qc5 Qxc5+ 58.
Rxc5 f5 59. Kb6 Kf6 60. Kc6 Kg5 61. Kd5 Kg4 62. Ke5 f4 63. Rxc4 g5 64. Ke4 f3 65.
Rc1 Kg3 66. Ke3 g4 67. Rg1+ Kh3 68. Kf2 Kh4 69. Rh1+ Kg5 70. Kg3 Kf5 71. Re1 Kg5 72.
Re4 Kf5 73. Rf4+ Ke5 74. Rxg4 1-0

[Event "*** Titled Tuesday Blitz"]
[Site "Chess.com"]
[Date "2020.05.12"]
[Round "7"]
[White "PotapovaM"]
[Black "LizaSolovyova"]
[Result "0-1"]
[WhiteElo "2417"]
[BlackElo "2593"]
[TimeControl "180+1"]
[EndTime "11:18:25 PDT"]
[Termination "LizaSolovyova won on time"]

1. d4 f5 2. e4 fxe4 3. Nc3 Nf6 4. Bg5 Nc6 5. d5 Ne5 6. Qd4 Nf7 7. h4 d6 8. Bb5+ Bd7 9. Bxd7+ Qxd7 10. O-O-O h6 11. Bxf6 gxf6 12. Qxe4 O-O-O 13. Nf3 Rg8 14. g3 Rg4 15.
Qe2 h5 16. Nd4 a6 17. Ne6 Bh6+ 18. Kb1 Rdg8 19. Rhe1 Ne5 20. Ne4 Qb5 21. Qxb5 axb5 22.
b3 c6 23. dxc6 bxc6 24. Nd4 Kb7 25. Nf5 Bf8 26. Re2 Kb6 27. Kb2 d5 28. Nc3 e6 29.
Ne3 R4g6 30. Ng2 Bb4 31. Nf4 R6g7 32. Nxe6 Ra7 33. a4 Re8 34. Nf4 Bxc3+ 35. Kxc3 bxa4 36. bxa4 Rxa4 37. Rb1+ Kc5 38. Nd3+ Kd6 39. Rb4 Nxd3 40. Rxa4 Rxe2 41. Kxd3 Rxf2 42. g4 hxg4 43. Rxg4 Rh2 44. c4 Ke5 45. cxd5 cxd5 46. Ke3 Rh3+ 47. Kd2 f5 48. Ra4 d4 49. Ra8 Rxh4 50. Re8+ Kd5 51. Rd8+ Ke4 52. Re8+ Kf4 53. Rd8 Kf3 54. Rf8 f4 55.
Rd8 Rh2+ 56. Kd3 Rh1 57. Rg8 Rd1+ 58. Kc2 Ra1 59. Kd3 Ra4 60. Rf8 Kg3 61. Ke4 Rb4 62. Kd3 f3 63. Rg8+ Kf2 64. Rf8 Ra4 65. Ke4 Ke2 66. Kf4 f2 67. Re8+ Kd2 0-1

[Event "*** Titled Tuesday Blitz"]
[Site "Chess.com"]
[Date "2020.05.12"]
[Round "7"]
[White "ViktoriyaTarasova"]
[Black "Megagigahiper3345"]
[Result "0-1"]
[WhiteElo "2236"]
[BlackElo "2512"]
[TimeControl "180+1"]
[EndTime "11:18:29 PDT"]
[Termination "Megagigahiper3345 won by resignation"]

1. d4 Nf6 2. c4 e6 3. Nc3 Bb4 4.
Qc2 d5 5. cxd5 Qxd5 6. e3 c5 7.
a3 Bxc3+ 8. bxc3 O-O 9. Ne2 b6 10. c4 Qc6 11. Bb2 Bb7 12. Nf4 Nbd7 13. Be2 Qe4 14.
Qd2 Qf5 15. f3 cxd4 16. exd4 Qg5 17. Rd1 e5 18. dxe5 Nxe5 19. O-O Rfe8 20. Nd5 Qg6 21. Nxf6+ Qxf6 22. Qc3 Qc6 23. Kh1 Rac8 24. Rd4 f6 25. Qb3 Kh8 26. Rfd1 Ng6 27. Bf1 Re7 28. Rd6 Qc7 29.
R6d4 Rce8 30. Qc2 Ne5 31. Qd2 h6 32. Rd8 Rxd8 33. Qxd8+ Kh7 34. Qxc7 Rxc7 35. Bxe5 fxe5 36. Bd3+ Kg8 37. Re1 Rc5 38. Kg1 Kf7 39. Kf2 Ba6 40.
Rc1 Ra5 41. Rc3 Ke6 42. Ke3 Kd6 43. Be4 Kc5 44. Bd5 Ra4 45. Kd3 g5 46. Ke4 Bxc4 47. Bxc4 Rxc4+ 48. Rxc4+ Kxc4 49. Kxe5 b5 50. g3 a5 51. f4 gxf4 52. gxf4 b4 53. axb4 a4 54. f5 a3 55. f6 a2 56. f7 a1=Q+ 57. Ke6 Qe1+ 58. Kd7 Qd2+ 59. Ke8 Qe3+ 60. Kd7 Qd4+ 61. Ke8 Qe5+ 62. Kd7 Qf5+ 63. Ke8 Qe6+ 64. Kf8 h5 65. Kg8 Qg4+ 66. Kh7 Qf5+ 67. Kg8 Qg5+ 68. Kh7 Qf6 69. Kg8 Qg6+ 70. Kf8 Kxb4 71. h4 Kc5 72.
Ke7 Qe4+ 73. Kf8 Kd6 74. Kg8 Qg4+ 75. Kh8 Qc8+ 76. Kg7 Ke7 77. Kg6 Qf8 78. Kxh5 Kxf7 79. Kg4 Qh8 80. h5 Kg7 81. Kh4 Kh7 82. Kg5 Qa8 83.
Kh4 Qd5 84. Kg4 Kh6 85. Kh4 Qxh5+ 86. Kg3 Qg5+ 0-1

[Event "*** Titled Tuesday Blitz"]
[Site "Chess.com"]
[Date "2020.05.12"]
[Round "7"]
[White "Nikithebest"]
[Black "Euwe1234"]
[Result "1/2-1/2"]
[WhiteElo "2381"]
[BlackElo "2216"]
[TimeControl "180+1"]
[EndTime "11:18:31 PDT"]
[Termination "Game drawn - insufficient material"]

1. e4 c6 2. d4 d5 3. f3 g6 4. Nc3 Bg7 5. Be3 Nf6 6. e5 Nfd7 7. f4 e6 8. Qd2 b5 9. Nf3 Nb6 10. Bd3 b4 11. Ne2 a5 12. O-O Ba6 13.
a3 Bxd3 14. cxd3 b3 15. Rac1 O-O 16. g4 a4 17. Ng3 N6d7 18. f5 exf5 19. gxf5 f6 20. Bh6 g5 21. Bxg7 Kxg7 22. Nxg5 fxg5 23. f6+ Kg6 24. Nf5 Nxf6 25. exf6 Rxf6 26. Ng3 Nd7 27. Qe2 h6 28. Qh5+ Kh7 29. Rce1 Rxf1+ 30. Rxf1 Nf8 31.
Qf7+ Kh8 32. Nf5 Qd7 33. Ne7 Qe6 34. Qxe6 Nxe6 35. Rf6 Nxd4 36. Nxc6 Kg7 37. Rd6 Nxc6 38.
Rxc6 Re8 39. Kf2 d4 40. Rc4 Rf8+ 41. Ke2 Re8+ 42. Kd2 Rf8 43. Rxd4 Rf2+ 44. Kc3 Rc2+ 45. Kb4 Rxb2 46. Kxa4 Rb1 47. Rb4 b2 48. Kb3 Rd1 49. Kxb2 Rxd3 50. Rc4 Rd2+ 51. Rc2 Rd4 52. Kc3 Ra4 53.
Kb3 Rh4 54. Ra2 Rh3+ 55. Kc4 Rh4+ 56. Kd5 Ra4 57. Ke5 Kg6 58. Kd5 h5 59. Kc5 g4 60.
Kb5 Ra8 61. a4 Kg5 62. a5 h4 63. a6 g3 64. hxg3 hxg3 65. Kc4 Kf4 66. Kb5 Kf3 67.
Kb6 g2 68. Ra3+ Kf4 69. Ra1 Kg3 70. Kb7 Rxa6 71. Kxa6 Kh2 72. Ra2 Kh1 73. Ra5 g1=Q 74. Rh5+ Qh2 75. Rxh2+ Kxh2 1/2-1/2

[Event "*** Titled Tuesday Blitz"]
[Site "Chess.com"]
[Date "2020.05.12"]
[Round "7"]
[White "SPEEDSKATER"]
[Black "Meri-Arabidze"]
[Result "1-0"]
[WhiteElo "2773"]
[BlackElo "2591"]
[TimeControl "180+1"]
[EndTime "11:18:35 PDT"]
[Termination "SPEEDSKATER won on time"]

1. d4 d5 2. c4 e6 3. Nf3 Nf6 4. Nc3 Nbd7 5. cxd5 exd5 6. Bg5 Be7 7. e3 c6 8. Qc2 O-O 9. Bd3 Re8 10. h3 h6 11.
Bf4 Nf8 12. O-O-O Bd6 13. Bxd6 Qxd6 14. g4 Ne4 15. Nxe4 dxe4 16. Bxe4 Qe6 17. Bd3 Qxa2 18.
Ne5 Be6 19. Rdg1 c5 20. dxc5 Rac8 21. g5 Qa1+ 22. Kd2 Qa5+ 23. Qc3 Qxc3+ 24. bxc3 Rxc5 25. f4 hxg5 26. Rg3 gxf4 27. exf4 Rd8 28. Rhg1 g6 29. Kc2 Rdc8 30. Be4 b5 31. Kb2 a5 32. h4 b4 33.
cxb4 axb4 34. h5 Rc3 35. hxg6 fxg6 36. Bxg6 Rxg3 37. Rxg3 Kh8 38. Bc2 b3 39. Bd3 Ra8 40. Kc3 Rb8 41. f5 Bd5 42. f6 b2 43. Bb1 Nh7 44.
Rh3 Rb7 45. f7 Bxf7 46. Rxh7+ Kg8 47. Rh2 Be6 48. Rg2+ Kf8 49. Nd3 Rb3+ 50. Kd2 Rb7 51. Rf2+ Bf7 52. Rf4 Ke8 53. Ra4 Rb6 54. Ra8+ Ke7 55.
Ra7+ Ke6 56. Kc3 Kd6 57. Nxb2 Rc6+ 58. Kd2 Be6 59. Bd3 Ke5 60. Nd1 Kf6 61. Ra5 Rd6 62.
Ke3 Rd5 63. Ra6 Re5+ 64. Kd2 Rd5 65. Ne3 Rd4 66. Kc3 Rd8 67. Bc4 Re8 68. Kd4 Kf7 69. Bd3 Rd8+ 70. Ke4 Re8 71. Kf4 Rd8 72. Ra7+ Rd7 73.
Ra3 Ke7 74. Be4 Rd6 75. Ke5 Rd7 76. Ra6 Bf7 77. Nf5+ Kf8 78. Ra8+ Be8 79. Bc6 1-0

[Event "*** Titled Tuesday Blitz"]
[Site "Chess.com"]
[Date "2020.05.12"]
[Round "7"]
[White "Snegokhod"]
[Black "XDPS"]
[Result "1/2-1/2"]
[WhiteElo "2559"]
[BlackElo "2692"]
[TimeControl "180+1"]
[EndTime "11:18:35 PDT"]
[Termination "Game drawn by repetition"]

1. e4 e5 2. Nf3 Nc6 3. Bb5 a6 4.
Ba4 d6 5. O-O Bd7 6. c3 g6 7. d4 Bg7 8. Re1 Nf6 9. Nbd2 O-O 10.
dxe5 Nxe5 11. Nxe5 dxe5 12. Bxd7 Qxd7 13. Nc4 Qxd1 14.
Rxd1 Nxe4 15. Re1 Rad8 16. Kf1 f5 17. f3 b5 18. Na5 Nc5 19. Bg5 Rde8 20. Rad1 e4 21. Nc6 Nd3 22. Re2 h6 23. Be7 Rf7 24. fxe4 fxe4+ 25. Kg1 Kh7 26. Rxe4 Nxb2 27. Rc1 Na4 28.
c4 Nc3 29. Re3 Nxa2 30. Rc2 Nc3 31. Rexc3 Bxc3 32. Rxc3 Rfxe7 33. Nxe7 Rxe7 34. cxb5 axb5 35. Rc5 c6 36. Rxc6 Rb7 37. Rc3 b4 38. Rb3 Kg7 39. Kf2 Kf6 40. Ke3 Ke5 41. Kd3 Kd5 42. Kc2 Kc4 43.
Rg3 Rb6 44. Rg4+ Kb5 45. Kb3 Ka5 46. Rh4 g5 47. Rh5 Re6 48. h4 Re3+ 49. Kb2 Rg3 50.
Rxh6 Rxg2+ 51. Kb3 Rg3+ 52. Kb2 g4 53. Rh8 Rh3 54.
h5 g3 55. Rg8 Kb5 56. h6 Kc4 57. Rg4+ Kd3 58. h7 Rxh7 59. Rxg3+ Kc4 60. Rg4+ Kb5 61. Kb3 Rh3+ 62. Kb2 Ka4 63. Rg8 Rh2+ 64. Kb1 Ka3 65. Rg3+ Ka4 66. Rf3 Rg2 67. Rh3 Rd2 68. Rg3 Rd5 69.
Rh3 Rb5 70. Rg3 Rb8 71. Rh3 Rf8 72. Rg3 Rf2 73. Rh3 Kb5 74. Rg3 Kc4 75. Rh3 Rd2 76. Rg3 Kb5 77. Rh3 Ka4 78. Rg3 Rf2 79. Rh3 b3 80.
Rh8 Rf1+ 81. Kb2 Rf2+ 82. Kb1 Rf1+ 83. Kb2 Rf2+ 84. Kb1 1/2-1/2

[Event "*** Titled Tuesday Blitz"]
[Site "Chess.com"]
[Date "2020.05.12"]
[Round "7"]
[White "SHIVACalypso"]
[Black "binbin239"]
[Result "1-0"]
[WhiteElo "2321"]
[BlackElo "2462"]
[TimeControl "180+1"]
[EndTime "11:18:43 PDT"]
[Termination "SHIVACalypso won by checkmate"]

1. Nf3 Nf6 2. c4 g6 3. g3 Bg7 4. Bg2 O-O 5. O-O d5 6. d4 dxc4 7. Na3 Na6 8. Nxc4 c5 9. dxc5 Be6 10. Nce5 Nxc5 11. Be3 Nfe4 12. Rc1 Qxd1 13. Rfxd1 Na4 14. Bd4 Bxa2 15. Rc7 Rad8 16. Nd7 Rfe8 17. Bxg7 Kxg7 18. Ra1 Bb3 19. Nd4 Nac5 20. Bxe4 Nxd7 21. Nxb3 Nf6 22. Bf3 e5 23. Bxb7 e4 24. Bc6 Re6 25. Raxa7 e3 26. Rxf7+ Kh6 27. Bf3 exf2+ 28. Kxf2 Rb8 29. Nd4 Rd6 30.
Nc6 Rxb2 31. Ne5 Re6 32. Rxf6 Rxe5 33. Rff7 g5 34. Rxh7+ Kg6 35. Rag7+ Kf6 36. Rf7+ Ke6 37. Bg4+ Kd5 38. Rf5 Rxe2+ 39. Bxe2 Rxf5+ 40. Bf3+ Ke5 41. g4 Rf8 42. Rg7 Kf4 43. Ra7 Rd8 44. Ra4+ Ke5 45. Kg3 Rd3 46. Ra5+ Kf6 47. Rf5+ Kg6 48. h4 gxh4+ 49.
Kxh4 Rd7 50. Kg3 Rd2 51. Ra5 Rb2 52. Ra6+ Kg5 53. Ra5+ Kg6 54. Kf4 Rb4+ 55. Be4+ Kf6 56. Ra6+ Kg7 57. g5 Rb2 58. Ra7+ Kg8 59. Ke5 Rb5+ 60.
Bd5+ Kf8 61. Kf6 Rb6+ 62. Be6 Rb8 63. Rf7+ Ke8 64. g6 Rb2 65. Re7+ Kd8 66. Ra7 Rf2+ 67.
Kg7 Rg2 68. Bf7 Kc8 69. Kf8 Kb8 70. Re7 Kc8 71. g7 Kd8 72. Re8+ Kd7 73. g8=Q Rxg8+ 74.
Bxg8 Kd6 75. Re6+ Kc5 76. Kf7 Kd4 77. Kf6 Kd5 78. Re5+ Kd4 79. Kf5 Kd3 80. Re4 Kd2 81. Ke5 Kd3 82. Rh4 Kc3 83. Kd5 Kb3 84. Kc5+ Ka3 85.
Rh3+ Kb2 86. Kc4 Kc2 87. Rh2+ Kd1 88. Kd3 Ke1 89. Ra2 Kf1 90. Ke3 Kg1 91. Kf3 Kh1 92. Kg3 Kg1 93. Ra1# 1-0

[Event "*** Titled Tuesday Blitz"]
[Site "Chess.com"]
[Date "2020.05.12"]
[Round "7"]
[White "viktorskliarov"]
[Black "2nd_life"]
[Result "1/2-1/2"]
[WhiteElo "2583"]
[BlackElo "2425"]
[TimeControl "180+1"]
[EndTime "11:18:56 PDT"]
[Termination "Game drawn - insufficient material"]

1. e4 e5 2. Nc3 Nf6 3. Bc4 Bb4 4. Nge2 c6 5. a3 Bxc3 6. Nxc3 d5 7. exd5 cxd5 8. Bb5+ Bd7 9. d4 Bxb5 10. Nxb5 Qa5+ 11. Nc3 e4 12. O-O O-O 13. Bg5 Nbd7 14. Qd2 Qb6 15. Rab1 h6 16. Bh4 Rfe8 17. Nd1 Qe6 18. Ne3 g5 19. Bg3 Rac8 20. c4 b6 21. b4 Rxc4 22. Nxc4 dxc4 23. h4 Qf5 24. d5 Qxd5 25. Qe2 Ne5 26.
Bxe5 Rxe5 27. Rfd1 Qe6 28. b5 Kg7 29. a4 Rc5 30. Rbc1 gxh4 31. Qe3 Qg4 32. Rd4 c3 33. Rxc3 Rxc3 34. Qxc3 Kg6 35. Qh3 Qg5 36. Rd1 Qf4 37.
Qe3 Qf5 38. Qd4 Qg4 39. Re1 Qf4 40. Qe3 Qf5 41. f3 exf3 42. Qxf3 Qxf3 43. gxf3 Nd5 44. Re5 Nc3 45. Re7 Nxa4 46. Rxa7 Nc3 47. Rb7 Kg5 48.
Rxb6 Kf4 49. Kg2 h3+ 50. Kxh3 Kxf3 51. Rf6+ Ke4 52. b6 Nd5 53. b7 Nxf6 54. b8=Q Kf5 55. Qb1+ Kg5 56. Qc1+ Kg6 57. Qc2+ Kg5 58. Qd2+ Kg6 59.
Qd3+ Kg5 60. Qe3+ Kg6 61. Qe5 Nh5 62. Kh4 Nf6 63. Qg3+ Kh7 64. Qd3+ Kg7 65. Kg3 Nh7 66. Kf4 Nf6 67. Kf5 Nh7 68. Qd4+ Kg8 69. Qd8+ Kg7 70.
Qe7 Kg8 71. Qe8+ Kg7 72. Ke5 Kg6 73. Kd6 Kg7 74. Ke7 Ng5 75. Qf8+ Kg6 76. Qg8+ Kf5 77. Qh8 Kg6 78. Qg8+ Kf5 79. Qf8 h5 80. Ke8 h4 81.
Qh8 Kg4 82. Ke7 h3 83. Kf6 Ne4+ 84. Kxf7 Kg3 85. Kg6 h2 86. Kf5 Nf2 87. Qg7+ Kf3 88. Qb7+ Kg3 89. Qd5 h1=Q 90. Qxh1 Nxh1 1/2-1/2

[Event "*** Titled Tuesday Blitz"]
[Site "Chess.com"]
[Date "2020.05.12"]
[Round "7"]
[White "nabukatnezarr"]
[Black "Angel_Hranitel_37"]
[Result "1/2-1/2"]
[WhiteElo "2514"]
[BlackElo "2364"]
[TimeControl "180+1"]
[EndTime "11:18:56 PDT"]
[Termination "Game drawn by repetition"]

1. d4 Nf6 2. Bg5 Ne4 3. h4 Nxg5 4. hxg5 e5 5. dxe5 Qxg5 6. Nf3 Qd8 7. c4 d6 8. exd6 Qxd6 9. Qc1 Be6 10. Nbd2 Nc6 11. a3 Nd4 12. Nxd4 Qxd4 13. g3 O-O-O 14. Rh4 Qf6 15.
Bg2 Bc5 16. Ne4 Qe7 17. Nxc5 Qxc5 18. Qc3 g5 19. Re4 h5 20. Re5 Qxc4 21. Qxc4 Bxc4 22.
Rxg5 h4 23. gxh4 Rxh4 24. Rd1 Rxd1+ 25. Kxd1 Bb3+ 26. Kd2 c6 27. Rg3 Be6 28. e4 Rf4 29. Ke3 Rg4 30. Rxg4 Bxg4 31. f4 c5 32. e5 b6 33. Bd5 Bh5 34. f5 Kd7 35. Kf4 Ke7 36. Kg5 Be2 37. f6+ Kf8 38. Kf4 Bh5 39. Ke3 Bg4 40. Ke4 Bh3 41. Kf4 Bf1 42. Ke3 Bh3 43.
Kd2 Bf1 44. Kc3 a5 45. Kb3 Bb5 46. Kc3 Bf1 47. Kd2 b5 48. Bc6 b4 49. axb4 axb4 50.
Bd5 c4 51. Kc2 Bd3+ 52. Kc1 c3 53. Bb3 cxb2+ 54. Kxb2 Bg6 55. Bd5 Ke8 56. Kb3 Kf8 57. Kxb4 Bh5 58. Kc5 Bd1 59. Kd6 Bg4 60. Kc7 Bf5 61. Kd8 Bg4 62. Bc6 Bf5 63. Bd7 Be4 64. Bg4 Bd5 65. Kd7 Bc4 66. Kd6 Bb3 67. Bh5 Ba2 68. Kc5 Bb3 69. Kd4 Be6 70. Ke4 Ba2 71. Kf4 Be6 72. Bd1 Bd5 73. Be2 Bb3 74. Kg5 Be6 75.
Bf3 Bb3 76. Bg4 Bc4 77. Kh6 Bb3 78. Kg5 Bc4 79. Kf4 Bb3 80. Ke4 Bc4 81. Kd4 Ba2 82.
Bf3 Bb3 83. Bd5 Bd1 84. Be4 Bg4 85. Kd5 Be6+ 86. Kd6 Bb3 87. Kc5 Be6 88. Kd4 Bb3 89. Bd5 Bd1 90. Ke3 Bg4 91. Kf4 Bh3 92. Kg5 Bd7 93.
Bc4 Bc8 94. Bd3 Bd7 95. Bf5 Ba4 96. Bg4 Bb3 97. Kf5 Bc4 98. Kf4 Bb3 99. Be2 Bd5 100. Bg4 Bb3 1/2-1/2

[Event "*** Titled Tuesday Blitz"]
[Site "Chess.com"]
[Date "2020.05.12"]
[Round "7"]
[White "jonaszmb"]
[Black "albano87"]
[Result "1-0"]
[WhiteElo "2507"]
[BlackElo "2313"]
[TimeControl "180+1"]
[EndTime "11:19:14 PDT"]
[Termination "jonaszmb won by checkmate"]

1. e4 g6 2. d4 Bg7 3. c4 d6 4. Nc3 c6 5. Be3 Nd7 6. f3 Ngf6 7. Nge2 O-O 8. Qd2 e5 9. d5 cxd5 10. cxd5 b6 11. h4 h5 12. Bh6 Kh7 13. Bxg7 Kxg7 14.
g4 Ba6 15. Ng3 Bxf1 16. Kxf1 Rh8 17. g5 Ne8 18. Kg2 Nc5 19. b4 Na6 20. a3 Qd7 21. Qd3 Nac7 22. Rhc1 f6 23. gxf6+ Nxf6 24. Nce2 Rac8 25.
Rc6 Na8 26. Rac1 Rxc6 27. dxc6 Qe7 28. b5 Nc7 29. a4 Rd8 30. f4 d5 31. fxe5 Qxe5 32.
Qd4 Qxd4 33. Nxd4 dxe4 34. Nde2 Rd2 35. Re1 Kf7 36. Rf1 Ke6 37. Kg1 Ncd5 38. c7 Nxc7 39.
Rxf6+ Kxf6 40. Nxe4+ Ke5 41. Nxd2 Nd5 42. Nf1 Ke4 43.
Nfg3+ Ke3 44. Kg2 Nc7 45. Ng1 Ne6 46. Nf3 Nc5 47. Ne5 Nxa4 48. Nxg6 Nc3 49. Nxh5 Nxb5 50. Nf6 a5 51. h5 a4 52. Nd5+ Kd4 53. Nb4 Nd6 54.
h6 Nf7 55. h7 Kc4 56. Na2 Kb3 57. Ne5 Nh8 58. Nc1+ Kc2 59. Ned3 a3 60. Kf3 a2 61.
Nxa2 Kxd3 62. Kf4 b5 63. Kg5 Kc2 64. Kf6 Kb3 65. Nc1+ Kc2 66. Na2 Kb3 67. Nc1+ Kc2 68. Ne2 b4 69. Kg7 Kd3 70. Nc1+ Kc2 71. Ne2 Kd3 72.
Nf4+ Kc2 73. Kxh8 b3 74. Kg8 b2 75. h8=Q b1=Q 76. Qh7+ Kb2 77. Qb7+ Kc2 78. Qe4+ Kb2 79. Nd3+ Kc3 80. Qe5+ Kd2 81. Nf4 Qc2 82. Nd5 Kc1 83. Qa1+ Qb1 84. Qc3+ Qc2 85. Qe3+ Qd2 86. Qa3+ Kd1 87.
Nc3+ Ke1 88. Kf7 Qd7+ 89. Kf6 Qc6+ 90. Ke5 Kd2 91. Ne4+ Ke2 92. Qa2+ Ke3 93. Qb3+ Ke2 94. Qb2+ Ke3 95. Qd2+ Kf3 96. Qf2+ Kg4 97. Qg3+ Kh5 98. Qg5# 1-0

[Event "*** Titled Tuesday Blitz"]
[Site "Chess.com"]
[Date "2020.05.12"]
[Round "7"]
[White "Aygehovit1992"]
[Black "Shukh_Nikolay"]
[Result "1/2-1/2"]
[WhiteElo "2681"]
[BlackElo "2529"]
[TimeControl "180+1"]
[EndTime "11:19:19 PDT"]
[Termination "Game drawn - insufficient material"]

1. e4 e5 2. Bc4 Nc6 3. Nc3 Nf6 4. d3 Bb4 5. Bd2 Bxc3 6. bxc3 d5 7. exd5 Nxd5 8.
Nf3 O-O 9. O-O Bg4 10. h3 Bh5 11. Re1 Re8 12. g4 Bg6 13. Qb1 Nb6 14. Bb5 e4 15. Nd4 Nxd4 16. cxd4 c6 17. Bc4 exd3 18. Rxe8+ Qxe8 19. Bxd3 Bxd3 20. cxd3 Qe2 21. Be3 Qf3 22. Qf1 Nd5 23.
Re1 Re8 24. Qg2 Qf6 25. Qg3 h6 26. h4 Qg6 27. Bd2 Rxe1+ 28. Bxe1 Qe6 29. Kf1 Kh7 30. h5 a6 31. Qf3 Kg8 32. Qe4 Kf8 33. f3 Ke7 34. Bg3 Kd7 35. Be5 f6 36. Bg3 Nb4 37. Qg6 Qe7 38. Qf5+ Kd8 39. Be1 Nd5 40. Ba5+ Ke8 41.
Bd2 Kf8 42. Qe4 Kf7 43. Ke2 Qe6 44. Kf2 Ke7 45. Kg3 Kd7 46. f4 Qe7 47. Qf5+ Qe6 48.
Qe4 Qe7 49. f5 Qd6+ 50. Kg2 Ne7 51. Bf4 Qd5 52. Kg3 Nc8 53. Be3 Nd6 54. Qxd5 cxd5 55. Bd2 Kc6 56. Kf4 Kb5 57. Kf3 a5 58. Bf4 Kc6 59.
Ke2 Nb5 60. Ke3 a4 61. Bg3 Nc3 62. a3 Nb5 63. Bf4 Nxa3 64. g5 fxg5 65. Bxg5 Nb5 66.
Kd2 Kd7 67. f6 gxf6 68. Bxh6 Ke6 69. Bf4 Kf7 70. h6 Kg6 71. Kc2 Nxd4+ 72. Kb2 Ne6 73.
Bd2 f5 74. Ka3 b5 75. Kb4 f4 76. Kxb5 Kxh6 77. Kxa4 Kg5 78. Be1 Kf5 79. Kb4 f3 80.
Kc3 Kf4 81. Kd2 Ng5 82. Bh4 Nh3 83. Ke1 f2+ 84. Kf1 Kf3 85. d4 Nf4 86. Bxf2 Nd3 87.
Bh4 Nb4 88. Bf6 Nc2 89. Bh8 Ke3 90. Bg7 Nxd4 91. Ke1 Nb3 92. Kd1 d4 93. Bh6+ Kd3 94. Bg5 Kc3 95. Bh4 d3 96. Bf6+ Kc4 97. Bg7 d2 98. Bh6 Kd3 99. Bxd2 1/2-1/2

[Event "*** Titled Tuesday Blitz"]
[Site "Chess.com"]
[Date "2020.05.12"]
[Round "7"]
[White "crescentmoon2411"]
[Black "SaySpade4VIP"]
[Result "0-1"]
[WhiteElo "2797"]
[BlackElo "2671"]
[TimeControl "180+1"]
[EndTime "11:19:32 PDT"]
[Termination "SaySpade4VIP won on time"]

1. e4 c6 2. d4 d5 3. exd5 cxd5 4. Bd3 Nc6 5. c3 Qc7 6. Ne2 Bg4 7. O-O e6 8. Qe1 Be7 9. Bf4 Qb6 10. Qd2 Bh5 11. b4 Nf6 12. a4 a5 13. b5 Na7 14. Be5 Bg6 15. Nf4 Nc8 16. Nxg6 hxg6 17. c4 dxc4 18. Bxc4 Nd6 19. Bd3 Nf5 20. Bxf5 gxf5 21.
Nc3 Rd8 22. Rac1 Ng4 23. Bg3 Rxd4 24. Qe2 O-O 25. h3 Nf6 26. Be5 Rd7 27. Rfd1 Rfd8 28. Rxd7 Rxd7 29. Rd1 Qd8 30. Rxd7 Qxd7 31. Qc4 Ne8 32.
Qd4 Qxd4 33. Bxd4 Bf6 34. Ne2 Bxd4 35. Nxd4 Kf8 36. b6 Nd6 37. Nb3 Nc4 38. Nc5 Nxb6 39. Nxb7 Nxa4 40. Nxa5 Nc5 41. Nc4 g5 42. g3 Kg7 43.
Kg2 Kg6 44. Ne5+ Kg7 45. Nf3 f6 46. h4 Kg6 47. hxg5 fxg5 48. Ne5+ Kf6 49. f4 g4 50. Nc4 Ne4 51. Ne5 Ke7 52. Ng6+ Kd6 53. Ne5 Kd5 54. Ng6 Nd6 55. Ne5 Nc4 56. Ng6 Ke4 57. Nf8 Kd5 58.
Ng6 Ne3+ 59. Kf2 Nc2 60. Ne7+ Ke4 61. Ng6 Nd4 62. Nf8 Kd3 63. Ng6 Ke4 64. Nf8 Kd5 65.
Ng6 Nc6 66. Nf8 Kd6 67. Ng6 Kd7 68. Kg2 Ke8 69. Nh4 Kf7 70. Kf2 Kf6 71. Ng2 Nd4 72. Ne3 Ke7 73. Nc4 Kd7 74. Ne5+ Kd6 75. Nf7+ Kd5 76. Ng5 Nc6 77. Nf7 Nb4 78. Kg2 Nd3 79. Ng5 e5 80. fxe5 Kxe5 81. Nf7+ Kf6 82. Nd6 Nc5 83. Nc4 Ne4 84. Ne3 Ke5 85. Nc4+ Kf6 86.
Ne3 Ng5 87. Nd5+ Ke5 88. Nf4 Ne6 89. Nh5 Ke4 90. Kf2 Nd4 91. Nf6+ Ke5 92. Nh5 Nc6 93. Nf4 Ne7 94. Ke2 Nd5 95. Nxd5 Kxd5 96. Kd3 Ke5 97. Ke3 Ke6 98. Kd4 Kd6 99. Kd3 Kd5 100. Ke3 Ke5 101. Kd3 f4 0-1

[Event "*** Titled Tuesday Blitz"]
[Site "Chess.com"]
[Date "2020.05.12"]
[Round "8"]
[White "LizaSolovyova"]
[Black "Irishchessman16"]
[Result "1-0"]
[WhiteElo "2597"]
[BlackElo "2423"]
[TimeControl "180+1"]
[EndTime "11:27:26 PDT"]
[Termination "LizaSolovyova won by resignation"]

1. d4 f5 2. e4 fxe4 3. Nc3 Nf6 4. f3 exf3 5. Nxf3 e6 6. Bd3 Be7 7. Bg5 O-O 8. Qe2 Nc6 9. O-O-O Nd5 10. Bxe7 Nxc3 11.
Bxh7+ Kxh7 12. Qd3+ 1-0

[Event "*** Titled Tuesday Blitz"]
[Site "Chess.com"]
[Date "2020.05.12"]
[Round "8"]
[White "dennisodessa"]
[Black "Karacsonyi_Gellert"]
[Result "0-1"]
[WhiteElo "2326"]
[BlackElo "2491"]
[TimeControl "180+1"]
[EndTime "11:27:38 PDT"]
[Termination "Karacsonyi_Gellert won by resignation"]

1. d4 Nf6 2. c4 e6 3. Nc3 Bb4 4. Qc2 O-O 5. a3 Bxc3+ 6. Qxc3 d5 7. Bg5 dxc4 8. Qxc4 b6 9. Nf3 Ba6 10. Qc2 Nbd7 11. g3 Rc8 12. Bg2 c5 13. dxc5 Nxc5 14.
Rd1 Nd3+ 15. Rxd3 Rxc2 16. Rxd8 Rxe2+ 17. Kf1 Rxd8 18. Bh3 Re3+ 19. Kg2 Rxf3 20. Kxf3 Bb7+ 0-1

[Event "*** Titled Tuesday Blitz"]
[Site "Chess.com"]
[Date "2020.05.12"]
[Round "8"]
[White "konradrutkowski"]
[Black "ezkybel"]
[Result "0-1"]
[WhiteElo "2284"]
[BlackElo "2521"]
[TimeControl "180+1"]
[EndTime "11:27:54 PDT"]
[Termination "ezkybel won by resignation"]

1. e4 e6 2. d4 d5 3. Nc3 Nf6 4. e5 Ne4 5. Nxe4 dxe4 6. c3 c5 7. a3 cxd4 8. cxd4 Nc6 9. Be3 Qa5+ 10. Qd2 Bb4 11. axb4 Qxa1+ 12. Ke2 a5 13. f3 axb4 14. fxe4 Ra2 15. Kf3 Qxf1+ 16. Kg3 Qb1 17. d5 exd5 18.
exd5 Rxb2 19. Qc1 0-1

[Event "*** Titled Tuesday Blitz"]
[Site "Chess.com"]
[Date "2020.05.12"]
[Round "8"]
[White "reniite"]
[Black "Shankovskyi"]
[Result "0-1"]
[WhiteElo "1942"]
[BlackElo "2528"]
[TimeControl "180+1"]
[EndTime "11:28:02 PDT"]
[Termination "Shankovskyi won by resignation"]

1. e4 e6 2. d4 d5 3. Nc3 Bb4 4. e5 c5 5. a3 Bxc3+ 6. bxc3 Ne7 7.
Qg4 cxd4 8. cxd4 Qc7 9. Qxg7 Rg8 10. Qxh7 Qc3+ 0-1

[Event "*** Titled Tuesday Blitz"]
[Site "Chess.com"]
[Date "2020.05.12"]
[Round "8"]
[White "cukus"]
[Black "Ave_Mariia"]
[Result "1-0"]
[WhiteElo "2515"]
[BlackElo "2273"]
[TimeControl "180+1"]
[EndTime "11:28:22 PDT"]
[Termination "cukus won by resignation"]

1. e4 c5 2. Nf3 d6 3. d4 cxd4 4.
Nxd4 Nf6 5. Nc3 g6 6. Be3 Bg7 7. f3 O-O 8. Qd2 Nc6 9. Bc4 Bd7 10. O-O-O Rc8 11. Bb3 Ne5 12. Kb1 a6 13. h4 h5 14.
g4 hxg4 15. h5 Nxh5 16. Bh6 Rxc3 17. bxc3 Qc7 18. Rxh5 1-0